 Dungeon Crawl Stone Soup version 0.29.0-4-gdea44cf6ec (webtiles) character file.

Game seed: 11701536913378972051

15455 qw the Brawler (level 12, -8/118 HPs)
             Began as a Troll Cinder Acolyte on Aug 30, 2022.
             Was a Follower of Okawaru.
             Mangled by a torpor snail (15 damage)
             ... on level 5 of the Lair of Beasts.
             The game lasted 00:06:57 (10968 turns).

qw the Brawler (Troll Cinder Acolyte)              Turns: 10968, Time: 00:06:58

Health: -8/118     AC:  8    Str: 32    XL:     12   Next: 1%
Magic:  7/12       EV: 10    Int: 10    God:    Okawaru [*.....]
Gold:   640        SH:  5    Dex:  5    Spells: 13/13 levels left

rFire   . . .      SeeInvis +     - Unarmed
rCold   . . .      Faith    .   (no shield)
rNeg    . . .      Spirit   .   m - +2 robe "Wyduf" {rF+ Str+3}
rPois   +          Reflect  +   k - +2 hat {Will+}
rElec   .          Harm     .   (no cloak)
rCorr   .          Rampage  .   (gloves unavailable)
Will    +....                   (boots unavailable)
Stlth   ++........              f - amulet of reflection
HPRegen 1.09/turn               b - ring of see invisible
MPRegen 0.13/turn               e - ring of poison resistance

@: about to teleport, heroic, slowed, fire susceptible, very slow
A: large, unfitting armour, claws 3, regeneration 1, shaggy fur 1, tough skin 1
a: Renounce Religion, Heroism


You were on level 5 of the Lair of Beasts.
You worshipped Okawaru.
Okawaru was aware of your devotion.
You visited 2 branches of the dungeon, and saw 14 of its levels.

You collected 640 gold pieces.


Innate Abilities, Weirdness & Mutations

You are too large for most types of armour.
You have claws for hands.
Your natural rate of healing is unusually fast.
You are covered in fur. (AC +1)
You have tough skin. (AC +1)


   Skills:
 - Level 7.2(12.2) Fighting
 - Level 2.1(7.1) Dodging
 + Level 17.5(22.5) Unarmed Combat
 - Level 1.0 Spellcasting
 - Level 2.1 Fire Magic
 + Level 1.0 Invocations


You had 13 spell levels left.
You didn't know any spells.
Your spell library contained the following spells:

 Spells                   Type           Power      Damage    Failure   Level
 Scorch                   Fire           8%         2d5       22%         2

Inventory:

Armour
 k - a +2 hat of willpower (worn)
 m - the +2 robe "Wyduf" (worn) {rF+ Str+3}
   (You found it on level 4 of the Dungeon)

   Str:       It affects your strength (+3).
   rF:        It protects you from fire.
 s - +0 acid dragon scales
Jewellery
 a - a +4 ring of evasion
 b - a ring of see invisible (left claw)
 e - a ring of poison resistance (right claw)
 f - an amulet of reflection (around neck)
 p - a +4 ring of protection
Scrolls
 c - a scroll of brand weapon
 d - a scroll of teleportation
 j - 3 scrolls of identify
 q - 3 scrolls of enchant weapon
Potions
 g - 2 potions of mutation
 h - 3 potions of haste
 i - 2 potions of resistance
 o - 4 potions of curing

Dungeon Overview and Level Annotations

Branches:
Dungeon (10/15)            Temple (0/1) D:7            Lair (3/5) D:9
 Shoals (0/4) Lair:2        Snake (0/4) Lair:2          Orc (0/2) D:9

Altars:
Fedhas
Kikubaaqudgha
Makhleb
Nemelex Xobeh
Okawaru
Ru
Trog
Vehumet
Zin
The Shining One


Message History

You kill the yak!
Okawaru accepts your kill. The torpor snail bites you!!
The yak gores you but does no damage. x2
A water moccasin comes into view.
You have reached level 12!
You feel stronger.
The water moccasin hisses angrily.
You mangle the yak!! Your claw misses the yak.
The yak is heavily wounded.
You hear a trumpeting!
The yak gores you but does no damage.
The yak gores the fungus!
The fungus begins to die.
The torpor snail closely misses you.
You eviscerate the yak!!!
You kill the yak!
Okawaru accepts your kill.
An elephant comes into view.
The yak gores you! x2
Your Invocations skill increases to level 1!
You claw the elephant! x2
The elephant is moderately wounded.
The torpor snail bites you! The elephant tramples you.
You hold your ground!
The elephant trunk-slaps you but does no damage.
The yak gores you but does no damage. The yak barely misses you.
10966 ||| READING 2 scrolls of teleportation.
As you read the scroll of teleportation, it crumbles to dust.
You feel strangely unstable. The elephant closely misses you.
You block the elephant's attack. The yak gores you! The yak misses you.
The torpor snail bites you but does no damage.
You claw the elephant!
The elephant is severely wounded.
You feel like a meek peon again.
A nearby fungus withers and dies.
You block the yak's attack. The yak gores you.
The torpor snail closely misses you.
10968 ||| INVOKING Heroism.
You gain the combat prowess of a mighty hero.
The elephant closely misses you.
The elephant trunk-slaps you but does no damage.
The elephant tramples you!
You hold your ground!
The elephant trunk-slaps you.
The yak gores you but does no damage. x2; The torpor snail bites you!
You die...

### ##P## #Y@Y#
#..YYYwS.#
......YY.......
....Y..........
...............
...............
............#..
...........###.


You could see 5 elephants, a torpor snail, 3 yaks and a water moccasin.

Vanquished Creatures
  3 hydras
  A two-headed ogre (D:8)
  A death yak (Lair:5)
  Sonja (Lair:2)
  Pikel (D:6)
  Maggie (D:8)
  2 cane toads (Lair:1)
  2 komodo dragons (Lair:1)
  A tengu conjurer (D:8)
  A polar bear (Lair:1)
  3 blink frogs
  A shadow (D:6)
  17 yaks
  Eustachio (D:6)
  2 wyverns
  A basilisk (D:6)
  3 wargs (D:9)
  An acid dragon (D:9)
  3 water moccasins
  An orc warrior (D:7)
  An ice beast (D:6)
  2 black bears (D:5)
  8 wolves
  3 ogres
  4 centaurs
  4 lemures (D:6)
  A kobold brigand (D:8)
  6 necrophages
  8 bullfrogs
  5 gnoll sergeants
  4 scorpions
  9 wights
  5 killer bees (D:7)
  5 howler monkeys
  3 hounds
  A gnoll bouda (D:9)
  8 orc priests
  3 jellies
  Terence (D:2)
  2 iguanas
  4 hell rats (Lair:1)
  9 orc wizards
  8 adders
  19 gnolls
  2 white imps
  4 ufetubi
  2 worms
  5 dart slugs
  31 orcs
  6 bats
  6 endoplasms
  2 giant cockroaches
  10 goblins
  3 hobgoblins
  7 jackals
  2 quokkas
  4 ball pythons
  7 frilled lizards
  11 kobolds
  7 rats
279 creatures vanquished.

Vanquished Creatures (others)
  2 fungi
  7 plants (Lair:2)
9 creatures vanquished.

Grand Total: 288 creatures vanquished

Notes
Turn   | Place    | Note
-------+----------+-------------------------------------------
     0 | D:1      | qw the Troll Cinder Acolyte began the quest for the Orb.
     0 | D:1      | Reached XP level 1. HP: 22/22 MP: 1/1
     0 | D:1      | 0 ||| qw: Version: 0.1-a-95-gae9e614
     0 | D:1      | 0 ||| qw: Game counter: 4459
     0 | D:1      | 0 ||| qw: Always use a shield: true
     0 | D:1      | 0 ||| qw: God list: Okawaru
     0 | D:1      | 0 ||| qw: Allow faded altars: false
     0 | D:1      | 0 ||| qw: Do Orc after D:15 true
     0 | D:1      | 0 ||| qw: Do second Lair branch before Depths: true
     0 | D:1      | 0 ||| qw: Lair rune preference: random
     0 | D:1      | 0 ||| qw: Plans: Normal
     0 | D:1      | 0 ||| PLANNING D:1-11
    98 | D:1      | 98 ||| Stepping ~*~*~tactically~*~*~ (hiding).
   243 | D:1      | Reached XP level 2. HP: 29/29 MP: 2/2
   289 | D:1      | 289 ||| Stepping ~*~*~tactically~*~*~ (stealth).
   554 | D:1      | Reached skill level 4 in Unarmed Combat
   881 | D:1      | 881 ||| UPGRADING to amulet of reflection.
   886 | D:1      | 886 ||| READING scroll labelled KEHUMO XEOSK.
   887 | D:1      | 887 ||| READING scroll labelled SOPSEW ETUU.
   892 | D:1      | 892 ||| READING scroll labelled VOROACK DINTE.
   907 | D:1      | 907 ||| READING scroll labelled CAUFRYIWEF.
  1001 | D:2      | Reached XP level 3. HP: 35/36 MP: 3/3
  1144 | D:2      | Noticed Terence
  1151 | D:2      | Killed Terence
  1198 | D:2      | Identified the +0 helmet "Qiytz" {Will+}
  1288 | D:2      | 1288 ||| Stepping ~*~*~tactically~*~*~ (stealth).
  1360 | D:2      | Reached skill level 5 in Unarmed Combat
  1360 | D:2      | Reached XP level 4. HP: 44/44 MP: 4/4
  1795 | D:2      | 1795 ||| READING scroll labelled VANADW YLOUG.
  1796 | D:2      | 1796 ||| READING scroll labelled QAORIN SOUNON.
  1797 | D:2      | 1797 ||| READING scroll labelled VYSOJU VILOIV.
  1798 | D:2      | 1798 ||| READING scroll labelled ESOIJAMOOK.
  1799 | D:2      | 1799 ||| DRINKING 4 yellow potions.
  1800 | D:2      | 1800 ||| DROPPING 3 potions of brilliance.
  1887 | D:3      | 1887 ||| Stepping ~*~*~tactically~*~*~ (hiding).
  2033 | D:3      | Noticed a necrophage
  2043 | D:3      | Killed a necrophage
  2044 | D:3      | Reached XP level 5. HP: 42/50 MP: 5/5
  2154 | D:3      | Found a glowing golden altar of the Shining One.
  2191 | D:3      | Reached skill level 6 in Unarmed Combat
  2243 | D:3      | Noticed a blizzard demon
  2244 | D:3      | Found a burning altar of Makhleb.
  2248 | D:3      | Found a glowing silver altar of Zin.
  2248 | D:3      | Noticed an angel
  2268 | D:3      | Found a bloodstained altar of Trog.
  2278 | D:3      | 2278 ||| Stepping ~*~*~tactically~*~*~ (outnumbered).
  2295 | D:3      | 2295 ||| Stepping ~*~*~tactically~*~*~ (stealth).
  2536 | D:3      | Found a faded altar of an unknown god.
  2800 | D:3      | 2800 ||| UPGRADING to ring of see invisible.
  2801 | D:3      | 2801 ||| READING scroll labelled FASCHU QAUKLYJO.
  2802 | D:3      | 2802 ||| READING scroll labelled ODINIY GIZIM.
  2920 | D:4      | 2920 ||| Stepping ~*~*~tactically~*~*~ (stealth).
  2922 | D:4      | 2922 ||| Stepping ~*~*~tactically~*~*~ (hiding).
  2939 | D:4      | 2939 ||| Stepping ~*~*~tactically~*~*~ (stealth).
  3016 | D:4      | Noticed an ogre
  3023 | D:4      | Killed an ogre
  3024 | D:4      | Reached skill level 7 in Unarmed Combat
  3024 | D:4      | Reached XP level 6. HP: 59/59 MP: 6/6
  3224 | D:4      | 3224 ||| Stepping ~*~*~tactically~*~*~ (stealth).
  3238 | D:4      | 3238 ||| Stepping ~*~*~tactically~*~*~ (stealth).
  3253 | D:4      | 3253 ||| INVOKING Fiery Armour.
  3255 | D:4      | 3255 ||| Stepping ~*~*~tactically~*~*~ (hiding).
  3277 | D:4      | Identified the +2 robe "Wyduf" {rF+ Str+3}
  3444 | D:4      | 3444 ||| UPGRADING to +2 robe "Wyduf" {rF+ Str+3}.
  3454 | D:4      | 3454 ||| DROPPING +0 robe.
  3455 | D:4      | 3455 ||| READING scroll labelled TUOP FIOL AWIKA.
  3456 | D:4      | 3456 ||| DRINKING 2 glowing cyan potions.
  3501 | D:4      | 3501 ||| READING 3 scrolls of identify.
  3501 | D:4      | 3501 ||| IDENTIFYING fizzy purple potion
  3502 | D:4      | 3502 ||| READING 2 scrolls of identify.
  3502 | D:4      | 3502 ||| IDENTIFYING black potion
  3503 | D:4      | 3503 ||| DROPPING potion of lignification.
  3504 | D:4      | 3504 ||| DROPPING potion of attraction.
  3559 | D:5      | Entered Level 5 of the Dungeon
  3578 | D:5      | Reached skill level 8 in Unarmed Combat
  3578 | D:5      | Reached XP level 7. HP: 58/66 MP: 7/7
  3601 | D:5      | Reached skill level 3 in Fighting
  3639 | D:5      | 3639 ||| Stepping ~*~*~tactically~*~*~ (stealth).
  3640 | D:5      | 3640 ||| FLEEEEING.
  3705 | D:5      | Reached skill level 9 in Unarmed Combat
  3715 | D:5      | 3715 ||| Stepping ~*~*~tactically~*~*~ (hiding).
  3721 | D:5      | 3721 ||| DRINKING potion of curing.
  3721 | D:5      | 3721 ||| (to cure confusion)
  3725 | D:5      | Reached skill level 1 in Dodging
  3746 | D:5      | 3746 ||| Stepping ~*~*~tactically~*~*~ (stealth).
  3752 | D:5      | 3752 ||| Stepping ~*~*~tactically~*~*~ (stealth).
  3753 | D:5      | 3753 ||| Stepping ~*~*~tactically~*~*~ (stealth).
  3754 | D:5      | 3754 ||| Stepping ~*~*~tactically~*~*~ (stealth).
  3756 | D:5      | 3756 ||| Stepping ~*~*~tactically~*~*~ (stealth).
  3758 | D:5      | 3758 ||| Stepping ~*~*~tactically~*~*~ (stealth).
  3759 | D:5      | 3759 ||| Stepping ~*~*~tactically~*~*~ (stealth).
  3856 | D:5      | 3856 ||| Stepping ~*~*~tactically~*~*~ (stealth).
  3997 | D:5      | Reached XP level 8. HP: 75/75 MP: 8/8
  4049 | D:5      | 4049 ||| Stepping ~*~*~tactically~*~*~ (hiding).
  4068 | D:5      | 4068 ||| INVOKING Fiery Armour.
  4215 | D:5      | Found an iron altar of Okawaru.
  4394 | D:5      | 4394 ||| INVOKING Fiery Armour.
  4398 | D:5      | 4398 ||| Stepping ~*~*~tactically~*~*~ (outnumbered).
  4401 | D:5      | Reached skill level 10 in Unarmed Combat
  4437 | D:5      | 4437 ||| Stepping ~*~*~tactically~*~*~ (hiding).
  4438 | D:5      | 4438 ||| Stepping ~*~*~tactically~*~*~ (hiding).
  4462 | D:5      | 4462 ||| Stepping ~*~*~tactically~*~*~ (stealth).
  4468 | D:5      | 4468 ||| Stepping ~*~*~tactically~*~*~ (hiding).
  4635 | D:5      | 4635 ||| UPGRADING to ring of poison resistance.
  4636 | D:5      | 4636 ||| DROPPING ring of magical power.
  4637 | D:5      | 4637 ||| READING scroll labelled PUNIELOCLA.
  4638 | D:5      | 4638 ||| READING scroll labelled FOXUIN FIOCOVA.
  4639 | D:5      | 4639 ||| DRINKING 2 emerald potions.
  4699 | D:6      | 4699 ||| Stepping ~*~*~tactically~*~*~ (hiding).
  4702 | D:6      | 4702 ||| Stepping ~*~*~tactically~*~*~ (hiding).
  4717 | D:6      | Reached skill level 11 in Unarmed Combat
  4781 | D:6      | 4781 ||| Stepping ~*~*~tactically~*~*~ (hiding).
  4782 | D:6      | 4782 ||| Stepping ~*~*~tactically~*~*~ (hiding).
  4783 | D:6      | Noticed a five-headed hydra
  4784 | D:6      | 4784 ||| INVOKING Fiery Armour.
  4794 | D:6      | Killed a seven-headed hydra
  4795 | D:6      | Reached skill level 12 in Unarmed Combat
  4795 | D:6      | Reached XP level 9. HP: 37/84 MP: 9/9
  4796 | D:6      | 4796 ||| Stepping ~*~*~tactically~*~*~ (outnumbered).
  4802 | D:6      | HP: 20/87 [shadow (5)]
  4803 | D:6      | 4803 ||| READING scroll of teleportation.
  4806 | D:6      | Noticed Eustachio
  4810 | D:6      | Killed Eustachio
  4898 | D:6      | 4898 ||| Stepping ~*~*~tactically~*~*~ (stealth).
  4902 | D:6      | Noticed Pikel
  4906 | D:6      | 4906 ||| Stepping ~*~*~tactically~*~*~ (outnumbered).
  4907 | D:6      | 4907 ||| Stepping ~*~*~tactically~*~*~ (outnumbered).
  4908 | D:6      | 4908 ||| Stepping ~*~*~tactically~*~*~ (outnumbered).
  4909 | D:6      | 4909 ||| Stepping ~*~*~tactically~*~*~ (outnumbered).
  4915 | D:6      | 4915 ||| Stepping ~*~*~tactically~*~*~ (stealth).
  4916 | D:6      | 4916 ||| Stepping ~*~*~tactically~*~*~ (stealth).
  4923 | D:6      | 4923 ||| Stepping ~*~*~tactically~*~*~ (outnumbered).
  4924 | D:6      | 4924 ||| Stepping ~*~*~tactically~*~*~ (outnumbered).
  4925 | D:6      | 4925 ||| Stepping ~*~*~tactically~*~*~ (outnumbered).
  4926 | D:6      | 4926 ||| Stepping ~*~*~tactically~*~*~ (outnumbered).
  4927 | D:6      | 4927 ||| Stepping ~*~*~tactically~*~*~ (outnumbered).
  4928 | D:6      | 4928 ||| Stepping ~*~*~tactically~*~*~ (outnumbered).
  4929 | D:6      | 4929 ||| Stepping ~*~*~tactically~*~*~ (outnumbered).
  4930 | D:6      | 4930 ||| Stepping ~*~*~tactically~*~*~ (outnumbered).
  4931 | D:6      | 4931 ||| Stepping ~*~*~tactically~*~*~ (outnumbered).
  4932 | D:6      | 4932 ||| Stepping ~*~*~tactically~*~*~ (outnumbered).
  4933 | D:6      | 4933 ||| Stepping ~*~*~tactically~*~*~ (outnumbered).
  4948 | D:6      | Killed Pikel
  4949 | D:6      | Reached skill level 13 in Unarmed Combat
  5006 | D:6      | Found an ancient bone altar of Kikubaaqudgha.
  5310 | D:6      | 5310 ||| READING scroll labelled OSUHEH QA CEO.
  5599 | D:7      | 5599 ||| Stepping ~*~*~tactically~*~*~ (hiding).
  5600 | D:7      | 5600 ||| Stepping ~*~*~tactically~*~*~ (hiding).
  5611 | D:7      | 5611 ||| FLEEEEING.
  5612 | D:7      | 5612 ||| FLEEEEING.
  5613 | D:7      | 5613 ||| FLEEEEING.
  5614 | D:7      | 5614 ||| FLEEEEING.
  5615 | D:7      | 5615 ||| FLEEEEING.
  5616 | D:7      | 5616 ||| FLEEEEING.
  5617 | D:7      | 5617 ||| FLEEEEING.
  5618 | D:7      | 5618 ||| FLEEEEING.
  5619 | D:7      | 5619 ||| FLEEEEING.
  5620 | D:7      | 5620 ||| FLEEEEING.
  5621 | D:7      | 5621 ||| FLEEEEING.
  5622 | D:7      | 5622 ||| FLEEEEING.
  5623 | D:7      | 5623 ||| FLEEEEING.
  5624 | D:7      | 5624 ||| FLEEEEING.
  5625 | D:7      | 5625 ||| FLEEEEING.
  5626 | D:7      | 5626 ||| FLEEEEING.
  5627 | D:7      | 5627 ||| FLEEEEING.
  5629 | D:7      | 5629 ||| FLEEEEING.
  5630 | D:7      | 5630 ||| FLEEEEING.
  5631 | D:7      | 5631 ||| FLEEEEING.
  5632 | D:7      | 5632 ||| FLEEEEING.
  5633 | D:7      | 5633 ||| FLEEEEING.
  5634 | D:7      | 5634 ||| FLEEEEING.
  5635 | D:7      | 5635 ||| FLEEEEING.
  5636 | D:7      | 5636 ||| FLEEEEING.
  5637 | D:7      | 5637 ||| FLEEEEING.
  5638 | D:7      | 5638 ||| FLEEEEING.
  5705 | D:7      | Reached XP level 10. HP: 93/96 MP: 10/10
  5740 | D:7      | Found a staircase to the Ecumenical Temple.
  5753 | D:7      | You fall into a shaft and drop 3 floors!
  5753 | D:10     | Entered Level 10 of the Dungeon
  5816 | D:10     | 5816 ||| Stepping ~*~*~tactically~*~*~ (hiding).
  5822 | D:10     | 5822 ||| Stepping ~*~*~tactically~*~*~ (hiding).
  5826 | D:10     | 5826 ||| DRINKING 2 potions of curing.
  5826 | D:10     | 5826 ||| (to cure confusion)
  5828 | D:10     | 5828 ||| DRINKING potion of curing.
  5828 | D:10     | 5828 ||| (to cure confusion)
  5835 | D:10     | 5835 ||| Stepping ~*~*~tactically~*~*~ (outnumbered).
  5839 | D:10     | 5839 ||| Stepping ~*~*~tactically~*~*~ (outnumbered).
  5841 | D:10     | 5841 ||| Stepping ~*~*~tactically~*~*~ (outnumbered).
  5860 | D:10     | 5860 ||| DROPPING +6 ring of dexterity.
  5861 | D:10     | 5861 ||| READING scroll labelled ENIERA YBBEASK.
  5862 | D:10     | 5862 ||| READING scroll labelled GIYM OLOXAF.
  5974 | D:8      | 5974 ||| Stepping ~*~*~tactically~*~*~ (hiding).
  5976 | D:8      | 5976 ||| Stepping ~*~*~tactically~*~*~ (outnumbered).
  6044 | D:8      | 6044 ||| Stepping ~*~*~tactically~*~*~ (hiding).
  6056 | D:8      | Found the +0 staff of Battle
  6101 | D:8      | 6101 ||| Stepping ~*~*~tactically~*~*~ (stealth).
  6111 | D:8      | Reached skill level 14 in Unarmed Combat
  6207 | D:8      | 6207 ||| Stepping ~*~*~tactically~*~*~ (outnumbered).
  6210 | D:8      | 6210 ||| Stepping ~*~*~tactically~*~*~ (outnumbered).
  6211 | D:8      | 6211 ||| Stepping ~*~*~tactically~*~*~ (outnumbered).
  6255 | D:8      | Found a sparkling altar of Nemelex Xobeh.
  6278 | D:8      | Noticed a two-headed ogre
  6286 | D:8      | Killed a two-headed ogre
  6287 | D:8      | Reached skill level 6 in Fighting
  6308 | D:8      | 6308 ||| DROPPING +0 robe of cold resistance.
  6309 | D:8      | 6309 ||| READING 2 scrolls of identify.
  6309 | D:8      | 6309 ||| IDENTIFYING puce potion
  6362 | D:7      | 6362 ||| INVOKING Fiery Armour.
  6550 | D:7      | 6550 ||| Stepping ~*~*~tactically~*~*~ (stealth).
  6553 | D:7      | 6553 ||| Stepping ~*~*~tactically~*~*~ (outnumbered).
  6554 | D:7      | 6554 ||| Stepping ~*~*~tactically~*~*~ (outnumbered).
  6555 | D:7      | 6555 ||| Stepping ~*~*~tactically~*~*~ (outnumbered).
  6556 | D:7      | 6556 ||| Stepping ~*~*~tactically~*~*~ (outnumbered).
  6557 | D:7      | 6557 ||| Stepping ~*~*~tactically~*~*~ (outnumbered).
  6558 | D:7      | 6558 ||| Stepping ~*~*~tactically~*~*~ (outnumbered).
  6559 | D:7      | 6559 ||| Stepping ~*~*~tactically~*~*~ (outnumbered).
  6560 | D:7      | 6560 ||| Stepping ~*~*~tactically~*~*~ (outnumbered).
  6561 | D:7      | 6561 ||| Stepping ~*~*~tactically~*~*~ (outnumbered).
  6562 | D:7      | 6562 ||| Stepping ~*~*~tactically~*~*~ (hiding).
  6563 | D:7      | 6563 ||| Stepping ~*~*~tactically~*~*~ (hiding).
  6565 | D:7      | 6565 ||| Stepping ~*~*~tactically~*~*~ (outnumbered).
  6566 | D:7      | 6566 ||| Stepping ~*~*~tactically~*~*~ (outnumbered).
  6567 | D:7      | 6567 ||| Stepping ~*~*~tactically~*~*~ (outnumbered).
  6568 | D:7      | 6568 ||| Stepping ~*~*~tactically~*~*~ (outnumbered).
  6569 | D:7      | 6569 ||| Stepping ~*~*~tactically~*~*~ (outnumbered).
  6570 | D:7      | 6570 ||| Stepping ~*~*~tactically~*~*~ (outnumbered).
  6579 | D:7      | 6579 ||| Stepping ~*~*~tactically~*~*~ (outnumbered).
  6580 | D:7      | 6580 ||| Stepping ~*~*~tactically~*~*~ (outnumbered).
  6581 | D:7      | 6581 ||| Stepping ~*~*~tactically~*~*~ (outnumbered).
  6582 | D:7      | 6582 ||| Stepping ~*~*~tactically~*~*~ (outnumbered).
  6724 | D:7      | Found a sacrificial altar of Ru.
  6724 | D:7      | Found a blossoming altar of Fedhas.
  6903 | D:7      | 6903 ||| READING 2 scrolls of identify.
  6903 | D:7      | 6903 ||| IDENTIFYING cyan potion
  6904 | D:7      | 6904 ||| DROPPING potion of flight.
  6950 | D:8      | 6950 ||| Stepping ~*~*~tactically~*~*~ (hiding).
  6957 | D:8      | 6957 ||| Stepping ~*~*~tactically~*~*~ (outnumbered).
  6958 | D:8      | 6958 ||| Stepping ~*~*~tactically~*~*~ (outnumbered).
  6959 | D:8      | 6959 ||| Stepping ~*~*~tactically~*~*~ (hiding).
  7110 | D:8      | Noticed Maggie
  7117 | D:8      | Killed Maggie
  7190 | D:8      | 7190 ||| Stepping ~*~*~tactically~*~*~ (stealth).
  7353 | D:8      | 7353 ||| Stepping ~*~*~tactically~*~*~ (stealth).
  7360 | D:8      | Reached skill level 15 in Unarmed Combat
  7360 | D:8      | 7360 ||| Stepping ~*~*~tactically~*~*~ (hiding).
  7440 | D:8      | Found a radiant altar of Vehumet.
  7698 | D:9      | Found a staircase to the Lair.
  7785 | D:9      | 7785 ||| Stepping ~*~*~tactically~*~*~ (stealth).
  7787 | D:9      | 7787 ||| Stepping ~*~*~tactically~*~*~ (hiding).
  7802 | D:9      | 7802 ||| Stepping ~*~*~tactically~*~*~ (stealth).
  7836 | D:9      | 7836 ||| Stepping ~*~*~tactically~*~*~ (stealth).
  7850 | D:9      | Reached XP level 11. HP: 98/107 MP: 11/11
  8137 | D:9      | Found a staircase to the Orcish Mines.
  8140 | D:9      | 8140 ||| PLANNING LAIR
  8140 | D:9      | 8140 ||| UPGRADING to +2 hat of willpower.
  8145 | D:9      | 8145 ||| DRINKING 2 purple potions.
  8146 | D:9      | 8146 ||| READING 2 scrolls of identify.
  8146 | D:9      | 8146 ||| IDENTIFYING fuming coppery potion
  8147 | D:9      | 8147 ||| DROPPING potion of degeneration.
  8148 | D:9      | 8148 ||| DROPPING potion of invisibility.
  8210 | Lair:1   | Entered Level 1 of the Lair of Beasts
  8232 | Lair:1   | 8232 ||| Stepping ~*~*~tactically~*~*~ (stealth).
  8233 | Lair:1   | 8233 ||| Stepping ~*~*~tactically~*~*~ (stealth).
  8457 | Lair:1   | Reached skill level 16 in Unarmed Combat
  8478 | Lair:1   | 8478 ||| INVOKING Fiery Armour.
  8521 | Lair:1   | Noticed a four-headed hydra
  8530 | Lair:1   | Killed a seven-headed hydra
  9043 | Lair:1   | 9043 ||| READING 4 scrolls of identify.
  9043 | Lair:1   | 9043 ||| IDENTIFYING coppery potion
  9044 | Lair:1   | 9044 ||| DROPPING potion of berserk rage.
  9076 | Lair:2   | 9076 ||| STAIRDANCE
  9107 | Lair:2   | 9107 ||| STAIRDANCE
  9191 | Lair:2   | 9191 ||| Stepping ~*~*~tactically~*~*~ (outnumbered).
  9192 | Lair:2   | 9192 ||| Stepping ~*~*~tactically~*~*~ (outnumbered).
  9193 | Lair:2   | 9193 ||| Stepping ~*~*~tactically~*~*~ (outnumbered).
  9194 | Lair:2   | 9194 ||| Stepping ~*~*~tactically~*~*~ (outnumbered).
  9235 | Lair:2   | Found a staircase to the Snake Pit.
  9246 | Lair:2   | 9246 ||| Stepping ~*~*~tactically~*~*~ (hiding).
  9248 | Lair:2   | 9248 ||| Stepping ~*~*~tactically~*~*~ (hiding).
  9249 | Lair:2   | 9249 ||| Stepping ~*~*~tactically~*~*~ (hiding).
  9250 | Lair:2   | 9250 ||| Stepping ~*~*~tactically~*~*~ (hiding).
  9256 | Lair:2   | Noticed a five-headed hydra
  9257 | Lair:2   | 9257 ||| INVOKING Fiery Armour.
  9265 | Lair:2   | Killed an eight-headed hydra
  9381 | Lair:2   | Noticed Sonja
  9383 | Lair:2   | 9383 ||| INVOKING Fiery Armour.
  9396 | Lair:2   | Killed Sonja
  9492 | Lair:2   | Found a staircase to the Shoals.
  9657 | Lair:2   | Noticed a lindwurm
  9657 | Lair:2   | Noticed a lindwurm
  9658 | Lair:2   | 9658 ||| INVOKING Fiery Armour.
  9658 | Lair:2   | Noticed a lindwurm
  9658 | Lair:2   | Noticed a lindwurm
  9681 | Lair:2   | 9681 ||| FLEEEEING.
  9745 | Lair:2   | 9745 ||| FLEEEEING.
  9746 | Lair:2   | 9746 ||| FLEEEEING.
  9747 | Lair:2   | 9747 ||| FLEEEEING.
  9748 | Lair:2   | 9748 ||| FLEEEEING.
  9749 | Lair:2   | 9749 ||| FLEEEEING.
  9750 | Lair:2   | 9750 ||| FLEEEEING.
  9751 | Lair:2   | 9751 ||| FLEEEEING.
  9752 | Lair:2   | 9752 ||| FLEEEEING.
  9753 | Lair:2   | 9753 ||| FLEEEEING.
  9754 | Lair:2   | 9754 ||| FLEEEEING.
  9755 | Lair:2   | 9755 ||| FLEEEEING.
  9756 | Lair:2   | 9756 ||| FLEEEEING.
  9759 | Lair:2   | 9759 ||| FLEEEEING.
  9760 | Lair:2   | 9760 ||| FLEEEEING.
  9769 | Lair:2   | 9769 ||| STAIRDANCE
  9782 | Lair:1   | 9782 ||| DRINKING 2 sapphire potions.
  9842 | Lair:2   | 9842 ||| INVOKING Fiery Armour.
  9847 | Lair:2   | 9847 ||| FLEEEEING.
  9849 | Lair:2   | 9849 ||| FLEEEEING.
  9850 | Lair:2   | 9850 ||| FLEEEEING.
  9851 | Lair:2   | 9851 ||| FLEEEEING.
  9852 | Lair:2   | 9852 ||| FLEEEEING.
  9853 | Lair:2   | 9853 ||| FLEEEEING.
  9854 | Lair:2   | 9854 ||| FLEEEEING.
  9855 | Lair:2   | 9855 ||| FLEEEEING.
  9856 | Lair:2   | 9856 ||| FLEEEEING.
  9857 | Lair:2   | 9857 ||| FLEEEEING.
  9858 | Lair:2   | 9858 ||| FLEEEEING.
  9859 | Lair:2   | 9859 ||| FLEEEEING.
  9860 | Lair:2   | 9860 ||| FLEEEEING.
  9868 | Lair:2   | 9868 ||| STAIRDANCE
  9901 | Lair:2   | 9901 ||| FLEEEEING.
  9902 | Lair:2   | 9902 ||| FLEEEEING.
  9903 | Lair:2   | 9903 ||| FLEEEEING.
  9905 | Lair:2   | 9905 ||| FLEEEEING.
  9906 | Lair:2   | 9906 ||| FLEEEEING.
  9923 | Lair:2   | 9923 ||| FLEEEEING.
  9924 | Lair:2   | 9924 ||| FLEEEEING.
  9925 | Lair:2   | 9925 ||| FLEEEEING.
  9927 | Lair:2   | 9927 ||| FLEEEEING.
  9928 | Lair:2   | 9928 ||| FLEEEEING.
  9929 | Lair:2   | 9929 ||| FLEEEEING.
  9930 | Lair:2   | 9930 ||| FLEEEEING.
  9931 | Lair:2   | 9931 ||| FLEEEEING.
  9932 | Lair:2   | 9932 ||| FLEEEEING.
  9933 | Lair:2   | 9933 ||| FLEEEEING.
  9934 | Lair:2   | 9934 ||| FLEEEEING.
  9935 | Lair:2   | 9935 ||| FLEEEEING.
  9936 | Lair:2   | 9936 ||| FLEEEEING.
  9967 | Lair:2   | 9967 ||| INVOKING Fiery Armour.
  9972 | Lair:2   | 9972 ||| FLEEEEING.
  9974 | Lair:2   | 9974 ||| FLEEEEING.
  9975 | Lair:2   | 9975 ||| FLEEEEING.
  9976 | Lair:2   | 9976 ||| FLEEEEING.
  9979 | Lair:2   | 9979 ||| FLEEEEING.
  9980 | Lair:2   | 9980 ||| FLEEEEING.
  9982 | Lair:2   | 9982 ||| FLEEEEING.
  9983 | Lair:2   | 9983 ||| FLEEEEING.
  9984 | Lair:2   | 9984 ||| FLEEEEING.
 10013 | Lair:2   | 10013 ||| FLEEEEING.
 10015 | Lair:2   | 10015 ||| FLEEEEING.
 10016 | Lair:2   | 10016 ||| FLEEEEING.
 10017 | Lair:2   | 10017 ||| FLEEEEING.
 10018 | Lair:2   | 10018 ||| FLEEEEING.
 10019 | Lair:2   | 10019 ||| FLEEEEING.
 10020 | Lair:2   | 10020 ||| FLEEEEING.
 10021 | Lair:2   | 10021 ||| FLEEEEING.
 10022 | Lair:2   | 10022 ||| FLEEEEING.
 10023 | Lair:2   | 10023 ||| FLEEEEING.
 10024 | Lair:2   | 10024 ||| FLEEEEING.
 10034 | Lair:2   | 10034 ||| STAIRDANCE
 10081 | Lair:2   | 10081 ||| FLEEEEING.
 10093 | Lair:2   | 10093 ||| INVOKING Fiery Armour.
 10099 | Lair:2   | 10099 ||| FLEEEEING.
 10100 | Lair:2   | 10100 ||| FLEEEEING.
 10101 | Lair:2   | 10101 ||| FLEEEEING.
 10102 | Lair:2   | 10102 ||| FLEEEEING.
 10114 | Lair:2   | 10114 ||| FLEEEEING.
 10115 | Lair:2   | 10115 ||| FLEEEEING.
 10116 | Lair:2   | 10116 ||| FLEEEEING.
 10138 | Lair:2   | 10138 ||| FLEEEEING.
 10139 | Lair:2   | 10139 ||| FLEEEEING.
 10140 | Lair:2   | 10140 ||| FLEEEEING.
 10142 | Lair:2   | 10142 ||| FLEEEEING.
 10143 | Lair:2   | 10143 ||| FLEEEEING.
 10144 | Lair:2   | 10144 ||| FLEEEEING.
 10145 | Lair:2   | 10145 ||| FLEEEEING.
 10146 | Lair:2   | 10146 ||| FLEEEEING.
 10147 | Lair:2   | 10147 ||| FLEEEEING.
 10148 | Lair:2   | 10148 ||| FLEEEEING.
 10149 | Lair:2   | 10149 ||| FLEEEEING.
 10193 | Lair:2   | 10193 ||| FLEEEEING.
 10194 | Lair:2   | 10194 ||| FLEEEEING.
 10196 | Lair:2   | 10196 ||| FLEEEEING.
 10197 | Lair:2   | 10197 ||| FLEEEEING.
 10198 | Lair:2   | 10198 ||| FLEEEEING.
 10199 | Lair:2   | 10199 ||| FLEEEEING.
 10200 | Lair:2   | 10200 ||| FLEEEEING.
 10201 | Lair:2   | 10201 ||| FLEEEEING.
 10202 | Lair:2   | 10202 ||| FLEEEEING.
 10203 | Lair:2   | 10203 ||| FLEEEEING.
 10204 | Lair:2   | 10204 ||| FLEEEEING.
 10205 | Lair:2   | 10205 ||| FLEEEEING.
 10206 | Lair:2   | 10206 ||| FLEEEEING.
 10207 | Lair:2   | 10207 ||| FLEEEEING.
 10208 | Lair:2   | 10208 ||| FLEEEEING.
 10209 | Lair:2   | 10209 ||| FLEEEEING.
 10217 | Lair:2   | 10217 ||| STAIRDANCE
 10259 | Lair:2   | 10259 ||| INVOKING Fiery Armour.
 10264 | Lair:2   | 10264 ||| FLEEEEING.
 10265 | Lair:2   | 10265 ||| FLEEEEING.
 10266 | Lair:2   | 10266 ||| FLEEEEING.
 10267 | Lair:2   | 10267 ||| FLEEEEING.
 10283 | Lair:2   | 10283 ||| FLEEEEING.
 10299 | Lair:2   | 10299 ||| FLEEEEING.
 10300 | Lair:2   | 10300 ||| FLEEEEING.
 10301 | Lair:2   | 10301 ||| FLEEEEING.
 10303 | Lair:2   | 10303 ||| FLEEEEING.
 10304 | Lair:2   | 10304 ||| FLEEEEING.
 10305 | Lair:2   | 10305 ||| FLEEEEING.
 10306 | Lair:2   | 10306 ||| FLEEEEING.
 10308 | Lair:2   | 10308 ||| FLEEEEING.
 10309 | Lair:2   | 10309 ||| FLEEEEING.
 10338 | Lair:2   | 10338 ||| FLEEEEING.
 10339 | Lair:2   | 10339 ||| FLEEEEING.
 10342 | Lair:2   | 10342 ||| FLEEEEING.
 10344 | Lair:2   | 10344 ||| FLEEEEING.
 10359 | Lair:2   | 10359 ||| INVOKING Fiery Armour.
 10360 | Lair:2   | 10360 ||| FLEEEEING.
 10361 | Lair:2   | 10361 ||| FLEEEEING.
 10362 | Lair:2   | 10362 ||| FLEEEEING.
 10363 | Lair:2   | 10363 ||| FLEEEEING.
 10364 | Lair:2   | 10364 ||| FLEEEEING.
 10365 | Lair:2   | 10365 ||| FLEEEEING.
 10366 | Lair:2   | 10366 ||| FLEEEEING.
 10369 | Lair:2   | 10369 ||| FLEEEEING.
 10371 | Lair:2   | 10371 ||| FLEEEEING.
 10372 | Lair:2   | 10372 ||| FLEEEEING.
 10373 | Lair:2   | 10373 ||| FLEEEEING.
 10396 | Lair:2   | 10396 ||| FLEEEEING.
 10416 | Lair:2   | 10416 ||| FLEEEEING.
 10417 | Lair:2   | 10417 ||| FLEEEEING.
 10418 | Lair:2   | 10418 ||| FLEEEEING.
 10419 | Lair:2   | 10419 ||| FLEEEEING.
 10420 | Lair:2   | 10420 ||| FLEEEEING.
 10434 | Lair:2   | 10434 ||| FLEEEEING.
 10435 | Lair:2   | 10435 ||| FLEEEEING.
 10436 | Lair:2   | 10436 ||| FLEEEEING.
 10438 | Lair:2   | 10438 ||| FLEEEEING.
 10439 | Lair:2   | 10439 ||| FLEEEEING.
 10459 | Lair:2   | 10459 ||| FLEEEEING.
 10460 | Lair:2   | 10460 ||| FLEEEEING.
 10461 | Lair:2   | 10461 ||| FLEEEEING.
 10462 | Lair:2   | 10462 ||| FLEEEEING.
 10463 | Lair:2   | 10463 ||| FLEEEEING.
 10464 | Lair:2   | 10464 ||| FLEEEEING.
 10468 | Lair:2   | 10468 ||| FLEEEEING.
 10469 | Lair:2   | 10469 ||| FLEEEEING.
 10471 | Lair:2   | 10471 ||| FLEEEEING.
 10472 | Lair:2   | 10472 ||| FLEEEEING.
 10473 | Lair:2   | 10473 ||| FLEEEEING.
 10474 | Lair:2   | 10474 ||| FLEEEEING.
 10498 | Lair:2   | 10498 ||| PLANNING CONVERSION TO OKAWARU
 10588 | D:5      | Fell from the grace of Ignis
 10588 | D:5      | Became a worshipper of Warmaster Okawaru
 10589 | D:5      | 10589 ||| PLANNING LAIR
 10680 | Lair:3   | 10680 ||| STAIRDANCE
 10700 | Lair:2   | Reached skill level 17 in Unarmed Combat
 10728 | Lair:3   | 10728 ||| STAIRDANCE
 10791 | Lair:2   | 10791 ||| FLEEEEING.
 10794 | Lair:2   | 10794 ||| FLEEEEING.
 10795 | Lair:2   | 10795 ||| FLEEEEING.
 10796 | Lair:2   | 10796 ||| FLEEEEING.
 10797 | Lair:2   | 10797 ||| FLEEEEING.
 10800 | Lair:2   | 10800 ||| FLEEEEING.
 10801 | Lair:2   | 10801 ||| FLEEEEING.
 10802 | Lair:2   | 10802 ||| FLEEEEING.
 10803 | Lair:2   | 10803 ||| FLEEEEING.
 10808 | Lair:2   | 10808 ||| FLEEEEING.
 10841 | Lair:3   | 10841 ||| Stepping ~*~*~tactically~*~*~ (stealth).
 10862 | Lair:3   | Reached * piety under Okawaru
 10863 | Lair:3   | 10863 ||| INVOKING Heroism.
 10869 | Lair:3   | HP: 26/109 [bullfrog (3)]
 10870 | Lair:3   | 10870 ||| READING 3 scrolls of teleportation.
 10871 | Lair:3   | 10871 ||| DRINKING potion of heal wounds.
 10875 | Lair:3   | 10875 ||| FLEEEEING.
 10945 | Lair:3   | You fall into a shaft and drop 2 floors!
 10945 | Lair:5   | Entered Level 5 of the Lair of Beasts
 10945 | Lair:5   | Noticed a death yak
 10946 | Lair:5   | 10946 ||| INVOKING Heroism.
 10956 | Lair:5   | Killed a death yak
 10957 | Lair:5   | 10957 ||| INVOKING Heroism.
 10963 | Lair:5   | Reached XP level 12. HP: 50/118 MP: 9/12
 10965 | Lair:5   | Reached skill level 1 in Invocations
 10965 | Lair:5   | HP: 25/118 [elephant (5)]
 10966 | Lair:5   | 10966 ||| READING 2 scrolls of teleportation.
 10968 | Lair:5   | 10968 ||| INVOKING Heroism.
 10968 | Lair:5   | HP: 8/118 [elephant (9)]
 10968 | Lair:5   | Mangled by a torpor snail

Levels and vault maps discovered:
D:1:      lightli_arrival_chessboard, layout_basic, minivault_19,
          grunt_decor_clamped, minivault_27, nicolae_kite_square_tiling_tiny,
          chequers_serial_rivers_micro_c
D:2:      layout_loops_ring, grunt_ministairs_15, kennysheep_minor_cross,
          minmay_tetromino_t2, uniq_terence
D:3:      layout_basic, grunt_temple_overflow_order_and_chaos_2,
          mainiacjoe_overflow_cross_hatched, trog_hazing_becter,
          dilly_ecumenical_altar_fadedgnrine
D:4:      layout_loops_cross, corexii_hall_statues_i
D:5:      minmay_octagon_keep, layout_basic, kennysheep_mini, hex_large,
          minmay_fractal_squares_gapless_5
D:6:      layout_gridville, kiku_gazebo_pond_becter, minmay_manual_mail,
          uniq_pikel, uniq_eustachio
D:7:      layout_gridville, nicolae_overflow_two_pavilions,
          minmay_temple_entry_enclosed_plants, minmay_misc_feat_ornament
D:8:      layout_loops_corners, mainiacjoe_overflow_surrounded_room,
          vehumet_crystals, grunt_decor_cap, small_statue_alley_b,
          hellmonk_guarded_unrand_staff_of_battle, uniq_maggie
D:9:      layout_roguey, lair_entry_dummy, minmay_orc_entry_guard_dogs
D:10:     lemuel_bear_cage, layout_rooms
Lair:1:   layout_regular_city, chequers_serial_rivers_large_a,
          hangedman_lair_unloving_vines, infiniplex_staircase_pool_2,
          grunt_megastairs_2
Lair:2:   layout_hall_layers, minmay_shoals_entry_centaurs, dummy_snake_entry,
          minmay_lindwurm_lava, uniq_sonja
Lair:3:   nzn_winding_woodlands_three_and_one
          [nzn_winding_woodlands_5x15_default,
          nzn_winding_woodlands_5x15_sidewinder,
          nzn_winding_woodlands_5x15_pathside_ponds,
          nzn_winding_woodlands_center_pierced_h], layout_chaotic_city,
          chequers_serial_rivers_large_b, serial_bayou_lagoon_b, uniq_snorg,
          uniq_rupert, uniq_nessos
Lair:5:   cheibrodos_lair_end_hotspot, layout_gridlike, slime_entry_1,
          basic_altar, lemuel_old_faithful

Skill      XL: |  1  2  3  4  5  6  7  8  9 10 11 12 |
---------------+-------------------------------------+-----
Unarmed Combat | 4 5 7 8 9 12 13 15 17 | 17.5
Fighting       | 3 4 5 6 7 |  7.2
Dodging        | 1 2 |  2.1
Invocations    | 1 |  1.0
Spellcasting   | |  1.0
Fire Magic     | |  2.1

Action                   |  1- 3 |  4- 6 |  7- 9 | 10-12 || total
-------------------------+-------+-------+-------+-------++-------
Melee: Unarmed           |   108 |   128 |   190 |   359 ||   785
       Punch             |       |     3 |    14 |    23 ||    40
Invok: Fiery Armour      |       |     1 |     3 |    10 ||    14
       Heroism           |       |       |       |     4 ||     4
  Use: Scroll            |     4 |     9 |     4 |     8 ||    25
       Potion            |       |     2 |     2 |     5 ||     9
Armor: Robe              |    25 |    23 |    37 |   105 ||   190
Dodge: Dodged            |    36 |    40 |    46 |   169 ||   291
Block: Other             |     4 |    18 |    28 |    64 ||   114
       Reflection        |       |     1 |     1 |     1 ||     3

Table legend:
 A = Non-vault XP
 B = Vault XP
 C = Vault XP percentage of total XP
 D = Non-vault monster count
 E = Vault monster count
 F = Vault count percentage of total count
                 A         B        C        D         E       F
            +---------+---------+-------+---------+---------+-------
      Total |   16836 |    5243 |  23.7 |     235 |      40 |  14.5
            +---------+---------+-------+---------+---------+-------
        D:1 |      35 |       0 |   0.0 |      21 |       0 |   0.0
        D:2 |      43 |      42 |  49.4 |      16 |       5 |  23.8
        D:3 |     127 |      11 |   8.0 |      15 |       6 |  28.6
        D:4 |     418 |       0 |   0.0 |      19 |       0 |   0.0
        D:5 |    1071 |     518 |  32.6 |      29 |      12 |  29.3
        D:6 |     725 |    2274 |  75.8 |      14 |       8 |  36.4
        D:7 |    1434 |       0 |   0.0 |      27 |       0 |   0.0
        D:8 |    2227 |     756 |  25.3 |      27 |       2 |   6.9
        D:9 |    1933 |     500 |  20.6 |      22 |       3 |  12.0
       D:10 |     120 |       0 |   0.0 |       7 |       0 |   0.0
     Lair:1 |    3412 |     136 |   3.8 |      15 |       1 |   6.2
     Lair:2 |    2599 |    1006 |  27.9 |      11 |       3 |  21.4
     Lair:3 |    1287 |       0 |   0.0 |       8 |       0 |   0.0
     Lair:5 |    1405 |       0 |   0.0 |       4 |       0 |   0.0
            +---------+---------+-------+---------+---------+-------
